 Dungeon Crawl Stone Soup version 0.28-a0-1236-gb25a51b929 (webtiles) character file.

Game seed: 7224324556400275227

109 bande the Covered (level 4, 0/29 HPs)
             Began as a Gargoyle Fighter on Dec 25, 2021.
             Slain by a bullfrog (7 damage)
             ... on level 3 of the Dungeon.
             The game lasted 00:02:57 (2076 turns).

bande the Covered (Gargoyle Fighter)                Turns: 2076, Time: 00:02:58

Health: 0/29       AC: 10    Str: 20    XL:     4   Next: 89%
Magic:  4/4        EV:  9    Int: 14    God:
Gold:   127        SH:  4    Dex: 11    Spells: 3/3 levels left

rFire   . . .      SeeInvis .   a - +0 war axe
rCold   . . .      Faith    .   c - +0 buckler
rNeg    + . .      Spirit   .   b - +0 scale mail
rPois   ∞          Reflect  .   (no helmet)
rElec   +          Harm     .   (no cloak)
rCorr   .          Rampage  .   (no gloves)
Will    .....                   (no boots)
Stlth   ..........              (no amulet)
HPRegen 0.09/turn               f - +6 ring of intelligence
MPRegen 0.09/turn               (no ring)

@: very slow
A: sickness immunity, AC +3, negative energy resistance 1, electricity
resistance, torment resistance 1, petrification resistance
a: no special abilities


You were on level 3 of the Dungeon.
You visited 1 branch of the dungeon, and saw 3 of its levels.

You collected 127 gold pieces.

Inventory:

Hand Weapons
 a - a +0 war axe (weapon)
Armour
 b - a +0 scale mail (worn)
 c - a +0 buckler (worn)
Jewellery
 f - a +6 ring of intelligence (left hand)
Scrolls
 e - 2 scrolls of identify {unknown}
 h - a scroll of magic mapping {unknown}
 i - a scroll of teleportation
Potions
 d - 5 potions of might
 g - a potion of invisibility {unknown}


   Skills:
 + Level 3.9 Fighting
 + Level 2.9 Axes
 + Level 4.1 Armour
 + Level 3.9 Shields


You had 3 spell levels left.
You didn't know any spells.
Your spell library was empty.

Dungeon Overview and Level Annotations

Branches:
Dungeon (3/15)

Altars:

Shops:
D:2 =

Portals:
Sewer: D:3

Annotations:
D:3 3 runed translucent doors, Adrian566's ghost, amateur MfBe; ReploidZero's ghost, amateur DjCj; Yajnam's ghost, amateur DrBe; bearlyready's ghost, amateur MfFi


Innate Abilities, Weirdness & Mutations

You are immune to sickness and miasma.
Your stone body is resilient. (AC +3)
You are immune to poison.
You resist negative energy. (rN+)
You are resistant to electric shocks. (rElec)
You are resistant to unholy torment.
You are immune to petrification.


Message History

The bullfrog closely misses you. You block the frilled lizard's attack.
The adder bites you but does no damage.
The bullfrog hits you but does no damage.
The frilled lizard bites you but does no damage.
You closely miss the adder.
The adder is severely wounded.
Bearlyready's ghost turns its malevolent gaze towards you.
You slash the frilled lizard!
You kill the frilled lizard!
You hit the bullfrog. The adder bites you but does no damage.
The bullfrog hits you. The adder bites you but does no damage.
The bullfrog hits you.
An adder comes into view.
You miss the adder.
The adder is severely wounded.
The adder hisses angrily.
You hit the bullfrog. The adder bites you. The bullfrog misses you.
The bullfrog completely misses you. The adder bites you but does no damage.
Unknown command.
You hit the adder.
You kill the adder!
You barely miss the bullfrog.
The bullfrog hits you but does no damage. x2
You enter the shallow water.
Moving in this stuff is going to be slow.
Found a stone staircase leading down.
You block the bullfrog's attack.
The bullfrog hits you but does no damage.
The bullfrog hits you.
* * * LOW HITPOINT WARNING * * *
A gnoll comes into view. It is wielding a +0 club.
The bullfrog hits you.
* * * LOW HITPOINT WARNING * * *
The adder bites you but does no damage.
There is a glowing drain here.
You enter the shallow water.
Moving in this stuff is going to be slow. 2 gnolls come into view.
The gnoll shouts! x2; You hear a shout!
The bullfrog hits you!
You die...

.............# ..#.W.
.............# ..#...
.............##..+...
..........+#...(.+...
#................+...
#..>.#######.....#W..
#....#≈≈≈≈†#†....#W$.
#.#≈@F≈≈'.<...#
#[#≈≈≈S†#.##..#
#..#######.# ...+
#.g..........# ..#
g....###...### .#
g...# #...# # ....
#..... ... #......


You could see a bullfrog, 3 gnolls and an adder.

Vanquished Creatures
  6 adders
  A worm (D:2)
  2 dart slugs (D:2)
  2 ball pythons (D:1)
  5 endoplasms
  7 giant cockroaches
  2 hobgoblins
  3 kobolds
  5 quokkas
  A bat (D:1)
  4 frilled lizards
  5 goblins
  2 rats
45 creatures vanquished.

Notes
Turn   | Place    | Note
-------+----------+-------------------------------------------
     0 | D:1      | bande the Gargoyle Fighter began the quest for the Orb.
     0 | D:1      | Reached XP level 1. HP: 14/14 MP: 1/1
   533 | D:1      | Reached XP level 2. HP: 17/19 MP: 2/2
   831 | D:1      | Reached XP level 3. HP: 22/23 MP: 3/3
  1180 | D:2      | Found a faded altar of an unknown god.
  1247 | D:2      | Reached skill level 4 in Armour
  1360 | D:2      | Found Gudd's Jewellery Shop.
  1537 | D:2      | Reached XP level 4. HP: 29/29 MP: 4/4
  2061 | D:3      | Noticed Adrian566's ghost (amateur MfBe)
  2061 | D:3      | Noticed ReploidZero's ghost (amateur DjCj)
  2061 | D:3      | Noticed a bullfrog
  2061 | D:3      | Found a runed translucent gate.
  2061 | D:3      | Found a runed translucent gate.
  2061 | D:3      | Found a runed translucent gate.
  2063 | D:3      | Found a glowing drain.
  2063 | D:3      | Noticed bearlyready's ghost (amateur MfFi)
  2063 | D:3      | Noticed Yajnam's ghost (amateur DrBe)
  2076 | D:3      | Slain by a bullfrog

Illustrated notes

Levels and vault maps discovered:
D:1:      minmay_arrival_split_and_join, layout_rooms
D:2:      layout_loops_ring, serial_shops, nicolae_shop_crystal,
          dreamdust_ecumenical_altar_grove
D:3:      layout_basic, gup_sewer_entry_glass, gammafunk_ghost_cemetery,
          minmay_distorted

Skill      XL: |  1  2  3 |
---------------+----------+-----
Axes           | 2 |  2.9
Armour         | 4 |  4.1
Fighting       | |  3.9
Shields        | |  3.9

Action                   |  1- 3 |  4- 6 || total
-------------------------+-------+-------++-------
Melee: War axe           |   101 |    34 ||   135
  Use: Scroll            |     1 |       ||     1
Armor: Scale mail        |    53 |    41 ||    94
Dodge: Dodged            |    47 |    23 ||    70
Block: Buckler           |    18 |     8 ||    26

Table legend: (Time is in decaauts)
 A = Elapsed time spent in this place.
 B = Non-inter-level travel time spent in this place.
 C = Inter-level travel time spent in this place.
 D = Time resting spent in this place.
 E = Time spent auto-exploring this place.
 F = Levels seen in this place.
 G = Mean time per level.
                   A        B        C        D        E       F      G
               +--------+--------+--------+--------+--------+-----+--------+
         Total |   2130 |   2052 |     78 |    355 |   1327 |   3 |  710.0 |
       Dungeon |   2130 |   2052 |     78 |    355 |   1327 |   3 |  710.0 |
               +--------+--------+--------+--------+--------+-----+--------+

Top non-repeatable levels by time:
     D:1: 1182 daAuts
     D:2: 928 daAuts
     D:3: 18 daAuts
